 Seeded DCSS version 0.31-a0-626-g8143ab4f1d (webtiles) character file.

Game seed: 18446744073709551615 (custom seed)

121 Mickster the Chopper (level 5, -2/47 HPs)
             Began as a Hill Orc Berserker on Aug 25, 2023.
             Was a Believer of Trog.
             Slain by Dowan
             ... wielding a +0 dagger
              (3 damage)
             ... on level 4 of the Dungeon.
             The game lasted 00:08:28 (1842 turns).

Mickster the Chopper (Hill Orc Berserker)           Turns: 1842, Time: 00:08:28

Health: -2/47      AC:  2    Str: 22    XL:     5   Next: 5%
Magic:  5/5        EV: 12    Int:  7    God:    Trog [**....]
Gold:   112        SH:  0    Dex: 10    Spells: 4/4 levels left

rFire   . . .        a - +0 hand axe
rCold   . . .        (no shield)
rNeg    . . .        b - +0 animal skin
rPois   .            (no helmet)
rElec   .            (no cloak)
rCorr   .            (no gloves)
SInv    .            (no boots)
Will    .....        (no amulet)
Stlth   +            (no ring)
HPRegen 0.27/turn    (no ring)
MPRegen 0.09/turn

%: no passive effects
@: lit by a corona, glowing, very slow
A: no striking features
a: Renounce Religion, Berserk, Trog's Hand


You were on level 4 of the Dungeon.
You worshipped Trog.
Trog was pleased with you.
You visited 1 branch of the dungeon, and saw 3 of its levels.

You collected 112 gold pieces.

Inventory:

Hand Weapons
 a - a +0 hand axe (weapon)
 j - a +0 heavy sling
Missiles
 f - 14 poisoned darts (quivered)
 h - 17 stones
Armour
 b - a +0 animal skin (worn)
 i - a +0 helmet
Talismans
 c - a blade talisman
Scrolls
 e - a scroll of poison
Potions
 d - a potion of cancellation
 g - a potion of haste {unknown}
 k - a potion of might {unknown}


   Skills:
 + Level 4.7 Fighting
 * Level 5.8 Axes
 + Level 2.2 Armour
 + Level 2.3 Dodging


You had 4 spell levels left.
You didn't know any spells.
Your spell library was empty.

Dungeon Overview and Level Annotations

Branches:
Dungeon (4/15)
 Temple: D:4-7

Altars:

Annotations:
D:4 Dowan, Duvessa


Message History

You are engulfed in a cloud of scalding steam.
You feel less wooden.
Your +0 animal skin unmelds from your body.
Duvessa barely misses you.
Dowan splashes around in the water.
Duvessa hits you with a +0 short sword.
You hit Duvessa but do no damage.
Duvessa is lightly wounded.
You hit Dowan.
You are engulfed in a cloud of scalding steam.
Dowan says, "Magic and the sword, together, will defeat you."
Dowan hits you with a +0 dagger. Duvessa closely misses you.
You slash Duvessa!
Duvessa is moderately wounded.
You miss Dowan.
You are engulfed in a cloud of scalding steam.
Duvessa zaps a wand.
You resist with some effort. Dowan hits you with a +0 dagger.
Duvessa hits you with a +0 short sword.
* * * LOW HITPOINT WARNING * * *
An orc comes into view. It is wielding a +0 club.
The orc shouts!
You hit Duvessa.
Duvessa is heavily wounded.
You hit Dowan but do no damage.
You are engulfed in a cloud of scalding steam.
* * * LOW HITPOINT WARNING * * *
Dowan hits you but does no damage.
Duvessa zaps a wand.
You resist with some effort.
You hit Duvessa but do no damage.
Duvessa is heavily wounded.
You miss Dowan.
Duvessa splashes around in the water.
Dowan hits you with a +0 dagger.
* * * LOW HITPOINT WARNING * * *
Duvessa splashes around in the water.
Your unstable footing causes you to fumble your attack.
Dowan closely misses you.
Duvessa splashes around in the water.
You hit Duvessa but do no damage.
Duvessa is heavily wounded.
You hit Dowan.
Duvessa zaps a wand.
You resist with some effort. Dowan hits you with a +0 dagger.
You die...

..#..... ...#
.......#...#
#.....#...##
##..o.....P.#
##.....~~.~~.~
##.....P~~~.~~.
#......ee.~~≈~.
#......@♣~~~~~~
#####......~~~~~~~ .
##..###....♣~~P~~~P #.
##....###......♣..P.
#..##......##...........
...................#####
.####...........>..#
.##.#...............#
...........##.......#


You could see Duvessa (fast), Dowan and an orc.

Vanquished Creatures
  Robin (D:2)
  A gnoll (D:1)
  4 adders (D:2)
  3 dart slugs
  An orc (D:4)
  3 ball pythons (D:1)
  3 endoplasms
  A giant cockroach (D:2)
  8 hobgoblins
  6 jackals
  4 kobolds
  2 quokkas
  2 bats
  2 frilled lizards
  11 goblins
  3 rats
55 creatures vanquished.

Notes
Turn   | Place    | Note
-------+----------+-------------------------------------------
     0 | D:1      | Mickster the Hill Orc Berserker began the quest for the
                  | Orb.
     0 | D:1      | Reached XP level 1. HP: 19/19 MP: 1/1
   287 | D:1      | Reached XP level 2. HP: 23/27 MP: 2/2
   539 | D:1      | Reached XP level 3. HP: 5/34 MP: 3/3
  1233 | D:2      | Reached XP level 4. HP: 39/41 MP: 4/4
  1300 | D:2      | Reached skill level 5 in Axes
  1459 | D:2      | Noticed Robin
  1462 | D:2      | Reached ** piety under Trog
  1472 | D:2      | Killed Robin
  1641 | D:2      | You fall into a shaft and drop 2 floors!
  1752 | D:4      | Reached XP level 5. HP: 45/47 MP: 5/5
  1812 | D:4      | Noticed Duvessa
  1813 | D:4      | Noticed Dowan
  1840 | D:4      | HP: 1/47 [Dowan/+0 dagger (3)]
  1842 | D:4      | Slain by Dowan

Illustrated notes

Levels and vault maps discovered:
D:1:      eino_arrival_water_star, layout_basic
D:2:      layout_basic, kennysheep_nub, uniq_robin
D:4:      layout_cave_pools, serial_bayou, serial_bayou_pond_b,
          serial_bayou_ford_a, serial_bayou_pond_b, serial_bayou_pond_b,
          minivault_19, uniq_duvessa

Skill      XL: |  1  2  3  4 |
---------------+-------------+-----
Fighting       | 4 |  4.7
Dodging        | 2 |  2.3
Axes           | 5 |  5.8
Armour         | |  2.2

Action                     |  1- 3 |  4- 6 || total
---------------------------+-------+-------++-------
  Melee: Hand axe          |    74 |    93 ||   167
         Punch             |       |     2 ||     2
 Invoke: Berserk           |     2 |     2 ||     4
    Use: Scroll            |     2 |       ||     2
 Armour: Animal skin       |    15 |    18 ||    33
         Skin              |       |    16 ||    16
  Dodge: Dodged            |    64 |    57 ||   121

Table legend: (Time is in decaauts)
 A = Elapsed time spent in this place.
 B = Non-inter-level travel time spent in this place.
 C = Inter-level travel time spent in this place.
 D = Time resting spent in this place.
 E = Time spent auto-exploring this place.
 F = Levels seen in this place.
 G = Mean time per level.
                   A        B        C        D        E       F      G
               +--------+--------+--------+--------+--------+-----+--------+
         Total |   1886 |   1866 |     20 |    323 |   1006 |   3 |  628.7 |
       Dungeon |   1886 |   1866 |     20 |    323 |   1006 |   3 |  628.7 |
               +--------+--------+--------+--------+--------+-----+--------+

Top non-repeatable levels by time:
     D:1: 953 daAuts
     D:2: 723 daAuts
     D:4: 209 daAuts
